 Dungeon Crawl Stone Soup version 0.28.0-45-g0d030f2227 (webtiles) character file.

Game seed: 14395569231101970481

4 CryoSword the Firebug (level 1, 0/14 HPs)
             Began as a Demigod Fire Elementalist on Apr 14, 2022.
             Frozen to death by an endoplasm (5 damage)
             ... on level 1 of the Dungeon.
             The game lasted 00:00:31 (260 turns).

CryoSword the Firebug (Demigod Fire Elementalist)    Turns: 260, Time: 00:00:31

Health: 0/14       AC:  2    Str:  9    XL:     1   Next: 40%
Magic:  5/5        EV: 12    Int: 17    God:
Gold:   11         SH:  0    Dex: 14    Spells: 2/3 levels left

rFire   . . .      SeeInvis .   c - +0 short sword
rCold   . . .      Faith    .   (no shield)
rNeg    . . .      Spirit   .   a - +0 robe
rPois   .          Reflect  .   (no helmet)
rElec   .          Harm     .   (no cloak)
rCorr   .          Rampage  .   (no gloves)
Will    .....                   (no boots)
Stlth   ++........              (no amulet)
HPRegen 0.04/turn               (no ring)
MPRegen 0.09/turn               (no ring)

@: no status effects
A: high MP 1, forlorn, divine attributes
a: no special abilities


You were on level 1 of the Dungeon.
You visited 1 branch of the dungeon, and saw 1 of its levels.

You collected 11 gold pieces.

Inventory:

Hand Weapons
 c - a +0 short sword (weapon)
   (You took it off a kobold on level 1 of the Dungeon)
Armour
 a - a +0 robe (worn)
Potions
 b - a potion of heal wounds {unknown}


   Skills:
 + Level 0.1 Fighting
 + Level 1.8 Dodging
 + Level 1.8 Stealth
 + Level 1.8 Spellcasting
 * Level 1.0 Conjurations
 * Level 2.7 Fire Magic


You had 2 spell levels left.
You knew the following spells:

 Your Spells              Type           Power      Damage    Failure   Level
a - Foxfire               Conj/Fire      32%        2x1d5     9%          1

Your spell library contained the following spells:

 Spells                   Type           Power      Damage    Failure   Level
 Scorch                   Fire           20%        2d6       10%         2
 Conjure Flame            Conj/Fire      8%         6-21      26%         3
 Inner Flame              Hex/Fire       6%         N/A       34%         3
 Flame Wave               Conj/Fire      8%         2d5       65%         4


Dungeon Overview and Level Annotations

Branches:
Dungeon (1/15)


Innate Abilities, Weirdness & Mutations

You have an increased reservoir of magic. (+10% MP)
You shall have no god before yourself.
Your divine heritage dramatically boosts your attributes as you level up.


Message History

Welcome, CryoSword the Demigod Fire Elementalist.
Are you destined to find the majestic Orb of Zot, or to die trying?
Found a staircase leading out of the dungeon.
You aren't carrying any scrolls.
Unknown command.
Found a ring mail.
A rat comes into view.
A rat is nearby!
A rat is nearby!
You conjure some foxfire!
You conjure some foxfire!
The foxfire hits the rat. x2
You kill the rat!
You don't know that spell.
b - a purple potion A rat comes into view.
A rat is nearby!
A rat is nearby!
A rat is nearby!
You conjure some foxfire!
You conjure some foxfire!
You conjure some foxfire!
The foxfire hits the rat. x2
You kill the rat!
You miscast Foxfire.
You are very lightly contaminated with residual magic.
Nothing appears to happen.
Your magical contamination has completely faded away.
You now have 11 gold pieces.
Found a short sword.
A frilled lizard comes into view.
A frilled lizard is nearby!
A frilled lizard is nearby!
A frilled lizard is nearby!
A quokka comes into view.
You hit the quokka.
The frilled lizard hisses angrily.
The quokka barely misses you.
You closely miss the quokka. The quokka bites you.
You don't know that spell.
You conjure some foxfire!
The quokka bites you but does no damage. x2
You hit the quokka.
The foxfire hits the quokka but does no damage.
The foxfire hits the quokka.
You kill the quokka!
Your Conjurations skill increases to level 1!
You conjure some foxfire!
The foxfire hits the frilled lizard.
You kill the frilled lizard!
Found a mace and a ring mail.
A kobold comes into view. It is wielding a +0 short sword.
A kobold is nearby!
A kobold is nearby!
You conjure some foxfire!
You don't know that spell.
You conjure some foxfire!
The kobold shouts!
The foxfire hits the kobold.
You kill the kobold!
An endoplasm comes into view.
An endoplasm is nearby!
Things that are here:
a +0 barding; 13 gold pieces
Things that are here:
a +0 short sword; 2 stones
c - a +0 short sword The endoplasm hits you but does no damage.
c - a +0 short sword (weapon)
You hit the endoplasm but do no damage. The endoplasm freezes you.
You are frozen.
You hit the endoplasm. The endoplasm freezes you.
You are frozen.
* * * LOW HITPOINT WARNING * * *
Unknown command.
Found a scroll labelled HINNIA INUXTA.
Found a stone staircase leading down.
The endoplasm freezes you.
You are frozen.
You die...

#. .... ##.#
..###.## #...
###.......
####.#.##[(.## #
....#$...#..#.# #
#..##.#.##.#>##.##
#.##..#...[#........
...#..)##.#..###.##
#.#.#.###@J..##
#.#.......####
##......########.
#......#.........
#####
#.##.#†#.#.##.###
....# #.##.#.#.#.#
###.# #.##)......#
###.# #.####.#.#.#
.##.# #.####.#.#.#


You could see an endoplasm.

Vanquished Creatures
  A quokka (D:1)
  A frilled lizard (D:1)
  A kobold (D:1)
  2 rats (D:1)
5 creatures vanquished.

Vanquished Creatures (others)
  16 foxfires (D:1)
16 creatures vanquished.

Grand Total: 21 creatures vanquished

Notes
Turn   | Place    | Note
-------+----------+-------------------------------------------
     0 | D:1      | CryoSword the Demigod Fire Elementalist began the quest for
                  | the Orb.
     0 | D:1      | Reached XP level 1. HP: 14/14 MP: 5/5
   196 | D:1      | Reached skill level 1 in Conjurations
   260 | D:1      | Frozen to death by an endoplasm

Illustrated notes

Levels and vault maps discovered:
D:1:      minmay_arrival_plants_in_alcoves, layout_loops_cross,
          shapermc_ecumenical_altar_mp_ritualfount, minmay_pentomino_s4

Skill      XL: |  1 |
---------------+----+-----
Conjurations   | 1 |  1.0
Fighting       | |  0.1
Dodging        | |  1.8
Stealth        | |  1.8
Spellcasting   | |  1.8
Fire Magic     | |  2.7

Action                   || total
-------------------------++-------
Melee: Unarmed           ||     3
       Short sword       ||     2
 Cast: Foxfire           ||     9
Armor: Robe              ||     3
Dodge: Dodged            ||     1
